 Dungeon Crawl Stone Soup version 0.15.0-16-gce31824 (webtiles) character file.

30 karukame the Firebug (level 3, -5/19 HPs)
             Began as a Deep Elf Fire Elementalist on Sept 6, 2014.
             Was an Initiate of Ashenzari.
             Killed from afar by an adder (18 damage)
             ... with an exploding inner flame
             ... hexed by the player character
             ... on Level 2 of the Dungeon.
             The game lasted 00:10:50 (1057 turns).

karukame the Firebug (Deep Elf Fire Elementalist)   Turns: 1057, Time: 00:10:54

HP  -5/19        AC  2     Str  5      XL: 3   Next:  3%
MP   2/11        EV 13     Int 20      God: Ashenzari [......]
Gold 35          SH  0     Dex 15      Spells:  2 memorised,  6 levels left

rFire  . . .     SeeInvis .     e - -3 dagger (curse)
rCold  . . .     Clarity  .     a - +0 robe
rNeg   . . .     rCorr    .     (no shield)
rPois  .         rRot     .     (no helmet)
rElec  .         Spirit   .     (no cloak)
SustAb .         Warding  .     (no gloves)
rMut   .         Stasis   .     (no boots)
Gourm  .                        (no amulet)
MR     .....                    (no ring)
                                j - ring of flight

@: very slightly contaminated, slowed, very slow, not resistant to hostile
enchantments, unstealthy
A: no striking features
a: Renounce Religion, Evoke Flight


You were on level 2 of the Dungeon.
You worshipped Ashenzari.
Ashenzari was noncommittal.
You were hungry.

You visited 1 branch of the dungeon, and saw 2 of its levels.

You collected 35 gold pieces.

Inventory:

Hand weapons
 e - a cursed -3 dagger (weapon)
 i - a +0 dagger
 k - a +0 whip
Missiles
 h - 16 poisoned arrows
Armour
 a - a +0 robe (worn)
Comestibles
 c - 2 bread rations
 d - a beef jerky
Jewellery
 j - a ring of flight (left hand)
Potions
 f - a potion of brilliance {unknown}
Books
 b - a book of Flames

   Spells                             Type                      Level
   *Flame Tongue                      Conjuration/Fire             1
   *Throw Flame                       Conjuration/Fire             2
   Conjure Flame                      Conjuration/Fire             3
   Inner Flame                        Hexes/Fire                   3
   Sticky Flame                       Conjuration/Fire             4
   Fireball                           Conjuration/Fire             5


   Skills:
 + Level 2.6 Dodging
 + Level 2.7 Stealth
 + Level 3.5 Spellcasting
 + Level 1.2 Conjurations
 + Level 4.0 Fire Magic


You had 6 spell levels left.
You knew the following spells:

 Your Spells              Type           Power        Failure   Level  Hunger
a - Flame Tongue          Conj/Fire      ##...        4%          1    None
b - Throw Flame           Conj/Fire      ##....       10%         2    ##.....


Dungeon Overview and Level Annotations

Branches:
Dungeon (2/15)

Altars:
Ashenzari
Fedhas


Message History

Casting: Throw Flame
Confirm with . or Enter, or press ? or * to list all spells.
Aiming: Throw Flame
Press: ? - help, Shift-Dir - straight line, f/p - Jessica
Aim: Jessica, wielding a club and wearing a robe (fast, inner flame)
The puff of flame misses the adder.
The puff of flame hits Jessica.
Jessica is severely wounded.
The adder bites you. x2
Casting: Throw Flame
Confirm with . or Enter, or press ? or * to list all spells.
Aiming: Throw Flame
Press: ? - help, Shift-Dir - straight line, f/p - Jessica
Aim: Jessica, wielding a club and wearing a robe (severely wounded, fast, inner flame)
The puff of flame hits Jessica.
Jessica explodes!
The fiery explosion engulfs the adder.
The adder explodes!
The fiery explosion engulfs you!
Ouch! That really hurt!
You die...

########.# .........# #
#.######..# # #.# #..#
# #.######..###### #
######.##...........#
#...........#...##....#
#..............# #.#
#........##§@§##
#.........§§§##
####.....###§#
#........# #%#
#........###'##
#........##..?#
#...###.####.....# ####
#.# #.....>.#
#.##....)....#


There were no monsters in sight!

Vanquished Creatures
  An adder (D:2)
  A giant gecko (D:1)
  An ooze (D:1)
  5 giant cockroaches
  A goblin (D:2)
  A hobgoblin (D:2)
  A kobold (D:1)
  2 bats
  8 rats
21 creatures vanquished.

Notes
Turn   | Place    | Note
--------------------------------------------------------------
     0 | D:1      | karukame, the Deep Elf Fire Elementalist, began the quest for the Orb.
     0 | D:1      | Reached XP level 1. HP: 10/10 MP: 5/5
   142 | D:1      | Reached XP level 2. HP: 13/15 MP: 8/8
   710 | D:2      | Found a shattered altar of Ashenzari.
   710 | D:2      | Found a blossoming altar of Fedhas.
   713 | D:2      | Reached skill level 4 in Fire Magic
   730 | D:2      | Became a worshipper of Ashenzari the Shackled
   787 | D:2      | Learned a level 2 spell: Throw Flame
   962 | D:2      | Reached XP level 3. HP: 19/19 MP: 5/11
  1044 | D:2      | Noticed Jessica
  1057 | D:2      | Killed Jessica
  1057 | D:2      | Killed from afar by an adder

Action                   || total
-------------------------++-------
Melee: Unarmed           ||     7
       Dagger            ||    11
 Cast: Flame Tongue      ||    24
       Throw Flame       ||     8
  Use: Scroll            ||     3
 Stab: Sleeping          ||     1
